 Dungeon Crawl Stone Soup version 0.14.0-9-g9c5475a (webtiles) character file.

723870 HungrySpirit the Conqueror (level 27, -41/273 HPs)
             Began as a Minotaur Berserker on Apr 13, 2014.
             Was the Champion of the Shining One.
             Annihilated by a stone giant (48 damage)
             ... summoned by the rage of Trog
             ... on Level 7 of Gehenna.
             The game lasted 05:10:49 (83714 turns).

HungrySpirit the Conqueror (Minotaur Berserker)    Turns: 83714, Time: 05:10:51

HP -41/273       AC 44     Str 33      XL: 27
MP  34/41        EV 19     Int  4      God: the Shining One [******]
Gold 8507        SH  0     Dex 13      Spells:  0 memorised, 26 levels left

rFire  + + +     SeeInvis +     Y - +4,+8 executioner's axe (holy)
rCold  + . .     Clarity  .     H - +6 gold dragon armour
rNeg   + + +     Conserve +     (no shield)
rPois  +         rCorr    +     r - +2 hat
rElec  .         rRot     .     J - +0 cloak {rCorr, Cons}
SustAb . .       Spirit   .     d - +1 pair of gloves {Dex+3}
rMut   .         Warding  .     E - +2 pair of boots "Tuecsiem" {+Blink rF+ MR+ SInv}
Saprov . . .     Stasis   .     U - cursed amulet of conservation
MR     +++..                    K - ring of flight
                                l - ring "Guez" {rF++ MP+9}

@: very slightly contaminated, hasted (expiring), glowing, very quick, extremely
resistant to hostile enchantments, extremely unstealthy
A: retaliatory headbutt, horns 2, clumsy 1, herbivore 1
a: Divine Shield, Cleansing Flame, Summon Divine Warrior, Renounce Religion,
Evoke Blink, Evoke Flight
}: 3/15 runes: decaying, serpentine, silver


You were on level 7 of Gehenna.
You worshipped the Shining One.
The Shining One was exalted by your worship.
You were not hungry.

You visited 14 branches of the dungeon, and saw 69 of its levels.
You visited the Abyss 2 times.
You visited 1 Ziggurat, and saw 10 of its levels.
You also visited: Ice Cave.

You collected 9710 gold pieces.
You spent 1203 gold pieces at shops.

Inventory:

Hand weapons
 Y - a +4,+8 executioner's axe of holy wrath (weapon)
Armour
 d - a +1 pair of gloves of dexterity (worn)
 r - a +2 hat (worn)
 E - the +2 pair of boots "Tuecsiem" (worn) {+Blink rF+ MR+ SInv}
   (You found it on level 3 of the Snake Pit)

   It protects you from fire.
   It affects your resistance to hostile enchantments.
   It enhances your eyesight.
   It lets you blink.
 H - a +6 gold dragon armour (worn)
 J - a +0 cloak of preservation (worn)
Magical devices
 b - a wand of digging (9)
 h - a wand of teleportation (9)
 z - a wand of disintegration (24)
 R - a wand of cold (2)
Comestibles
 c - 15 bread rations
Scrolls
 a - 4 scrolls of teleportation
 j - a scroll of silence
 m - a scroll of recharging
 y - 6 scrolls of remove curse
 F - 5 scrolls of fog
 I - a scroll of summoning
 Z - a scroll of magic mapping
Jewellery
 f - a cursed ring of teleport control
 l - the ring "Guez" (left hand) {rF++ MP+9}
   (You took it off a deep elf high priest on level 4 of the Vaults)

   [ring of magical power]

   It greatly protects you from fire.
 n - a cursed ring of protection from magic
 p - the cursed ring "Pebbur" {+/*Tele Str+2}
   (You found it on level 7 of Gehenna)

   [ring of teleportation]

   It affects your strength (+2).
   It has a curse placed upon it.
 q - a cursed +3,+6 ring of slaying
 s - a +7,+6 ring of slaying
 u - a cursed +4 ring of evasion
 x - the ring "Urie" {rPois rF+ rN+ Str+1}
   (You took it off an orc sorcerer on level 3 of the Elven Halls)

   [ring of poison resistance]

   It affects your strength (+1).
   It protects you from fire.
   It protects you from negative energy.
 D - a cursed ring of poison resistance {unknown}
 K - a ring of flight (right hand)
 P - a cursed ring of poison resistance {unknown}
 S - an uncursed ring of protection from cold
 U - a cursed amulet of conservation (around neck)
 W - a cursed ring of sustain abilities
 X - an uncursed ring of sustenance
Potions
 e - a potion of magic
 i - 16 potions of curing
 k - 5 potions of invisibility
 o - 7 potions of haste
 t - 5 potions of agility
 v - a potion of mutation
 A - 5 potions of restore abilities
 B - 2 potions of brilliance
 G - a potion of cure mutation
 L - a potion of lignification
 M - 2 potions of porridge
 N - 3 potions of might
Miscellaneous
 g - a fan of gales
 C - a fan of gales


   Skills:
 O Level 27 Fighting
 O Level 27 Axes
 O Level 27 Armour
 - Level 26.6 Dodging
 - Level 6.3 Shields
 + Level 9.9 Invocations
 - Level 4.9 Evocations


You had 26 spell levels left.
You didn't know any spells.

Dungeon Overview and Level Annotations

Branches:
Dungeon (15/15)            Temple (1/1) D:5             Orc (4/4) D:12
    Elf (3/3) Orc:3          Lair (8/8) D:11          Swamp (5/5) Lair:5
  Snake (5/5) Lair:6        Slime (4/6) Lair:7       Vaults (5/5) D:13
  Blade (1/1) Vaults:3      Crypt (5/5) Vaults:3       Tomb (0/3) Crypt:2
   Hell (1/1)                 Geh (7/7) Hell            Zot (0/5) Depths:5
 Depths (5/5) D:15
    Dis: Hell:1         Coc: Hell:1         Tar: Hell:1

Altars:
Ashenzari
Cheibriados
Dithmenos
Elyvilon
Fedhas
Kikubaaqudgha
Makhleb
Nemelex Xobeh
Okawaru
Sif Muna
Trog
Vehumet
Xom
Yredelemnul
Zin
The Shining One
Beogh

Shops:
D:7 (   D:9 ((:   Orc:4 !%([(!   Elf:2 (   Snake:4 }   Vaults:4 [
Depths:1 ([(   Depths:2 [

Portals:
Hell: Depths:1 Depths:2 Depths:3 Depths:4 Depths:5
Abyss: Depths:3 Depths:4
Pandemonium: Depths:3 Depths:5

Annotations:
D:8 Pikel
Lair:7 exclusion: oklob plant
Hell exclusion: ice statue


Innate Abilities, Weirdness & Mutations

You reflexively headbutt those who attack you in melee.
You have a pair of horns on your head.
You are clumsy. (Dex -2)
You digest meat inefficiently.


Message History

The stone giant completely misses you. You furiously retaliate!
You headbutt the stone giant.
Use which ability? (? or * to list)
Okay, then.
Use which ability? (? or * to list)
You are momentarily dazzled by a brilliant light.
The stone giant hits you!
* * * LOW HITPOINT WARNING * * *
Your angel hits the stone giant with a whip of holy wrath!
Your angel hits the stone giant but does no damage.
There is a gateway to Hell here.
Drink which item? (? for menu, Esc to quit)
Okay, then.
Read which item? (? for menu, Esc to quit)
As you read the scroll of blinking, it crumbles to dust.
A powerful magic interferes with your control of the blink.
You blink.
Your extra speed is starting to run out.
The stone giant misses you. The stone giant hits you!
You die...

#...≈≈≈≈#.#...§≈§≈§
###.§≈§§#.#..§§§§≈≈
#...≈≈≈#.#...§§§≈§
#...§§≈#.#.....≈≈§
###..≈≈#.#......≈§
#..≈≈#.######.§§
##)≈≈§#.#....#...
###C.≈≈§#.#'##.#...
#.@..≈≈≈#.#.:#.#..)
#CA.≈≈≈≈#.####.#...
#§.≈§§§≈#......'...
##§≈§§≈≈###########
########


You could see 2 stone giants and a friendly angel.

Vanquished Creatures
  2 ancient liches
  Saint Roka (Snake:3)
  Margery (Crypt:5)
  6 large abominations
  Mara (Elf:3)
  Geryon (Hell)
  6 golden dragons
  The ghost of Aelig the Black Belt, a mighty DsFi of Ashenzari (Vaults:5)
  Nikola (Elf:1)
  8 Brimstone Fiends
  7 bone dragons
  13 liches
  Asterion (Swamp:1)
  9 tentacled monstrosities
  5 titans
  2 deep elf blademasters (Elf:3)
  Murray (Hell)
  4 deep elf master archers (Elf:3)
  A quicksilver dragon (Depths:4)
  6 acid blobs
  A Shadow Fiend (Depths:2)
  A tentacled starspawn (Abyss:1)
  5 storm dragons
  A sphinx (shapeshifter) (Depths:4)
  A thorn hunter (Swamp:5)
  Rupert (Elf:1)
  5 sphinxes
  6 tengu reavers
  Frances (Elf:2)
  Kirke (Swamp:3)
  9 shadow dragons
  6 ancient champions
  2 revenants (Crypt:4)
  A draconian monk (Abyss:1)
  2 azure jellies (Lair:7)
  4 ghouls
  14 frost giants
  12 deep elf sorcerers
  Donald (Vaults:4)
  Wiglaf (Crypt:3)
  A draconian scorcher (Depths:5)
  10 fire giants
  4 balrugs
  4 iron dragons
  19 vault wardens
  Aizul (Snake:2)
  An orc warlord (Vaults:4)
  Gastronok (Orc:3)
  5 war gargoyles
  6 emperor scorpions
  3 cacodemons
  A spectral weapon (Swamp:1)
  2 draconian annihilators
  11 greater nagas
  3 spriggan defenders
  An angel (Zig:2)
  12 reapers
  31 stone giants
  A draconian shifter (Depths:5)
  4 deep elf demonologists
  A grey draconian (Depths:5)
  A draconian caller (Zig:3)
  2 shedu (Zig:2)
  18 salamander firebrands
  A chaos champion (Zig:7)
  A yellow draconian (Depths:5)
  Azrael (D:14)
  A curse skull (Crypt:4)
  5 vampire knights
  7 dire elephants
  A purple draconian (Depths:5)
  A yellow draconian (shapeshifter) (Vaults:4)
  6 deep elf annihilators
  A pale draconian (Depths:5)
  A mottled draconian (Zig:3)
  3 eidola
  9 rakshasas
  12 fire dragons
  2 green deaths (Zig:9)
  24 jiangshi
  4 minotaurs
  Snorg (Snake:3)
  17 deep elf death magi
  3 crystal guardians (Crypt:5)
  8 deep elf high priests
  24 ettins
  A merfolk impaler (Depths:3)
  Josephine (Elf:1)
  16 yaktaur captains
  6 great orbs of eyes
  2 quicksilver dragon zombies
  18 vault guards
  2 quicksilver dragon skeletons (Geh:7)
  3 ravenous feature mimics
  21 ironheart preservers
  3 spriggan air magi
  9 hydras
  Harold (D:10)
  13 ice dragons
  9 naga warriors
  Nessos (Elf:1)
  4 shambling mangroves
  9 dancing weapons
  An alligator snapping turtle (shapeshifter) (Zig:7)
  19 anacondas
  27 death yaks
  15 ogre magi
  2 deep dwarf death knights (Crypt:1)
  5 starcursed masses (Abyss:1)
  5 tengu warriors
  2 plague shamblers
  A spriggan enchanter (Zig:6)
  6 titan zombies
  52 hell knights
  4 storm dragon zombies
  19 deep troll earth magi
  15 deep troll shamans
  6 alligators
  2 thrashing horrors (Abyss:1)
  Urug (Orc:3)
  3 shock serpents
  9 orc high priests
  3 spriggan berserkers
  13 naga sharpshooters
  9 vampire magi
  2 catoblepae
  An iron golem (Geh:6)
  11 very ugly things
  Nergalle (Lair:5)
  8 hell hogs
  16 centaur warriors
  Erolcha (D:11)
  2 fire crabs
  2 soul eaters (Hell)
  4 wretched stars (Abyss:1)
  12 sun demons
  6 shadow wraiths
  4 titan skeletons
  26 deep elf knights
  4 hell beasts
  22 skeletal warriors
  A golden dragon zombie (Geh:6)
  8 iron trolls
  An anaconda zombie (Geh:3)
  A cherub (Zig:2)
  A storm dragon skeleton (Vaults:3)
  2 ghost moth zombies (Geh:7)
  A water nymph (shapeshifter) (Depths:4)
  13 flayed ghosts
  2 spatial maelstroms
  17 swamp dragons
  2 giant orange brains
  51 deep trolls
  7 salamander mystics
  3 unseen horrors (Vaults:1)
  22 hill giants
  10 deep elf summoners
  A gelid demonspawn (Depths:3)
  An anaconda skeleton (Crypt:4)
  14 hellions
  2 flaming corpses
  2 wolf spider zombies
  23 necromancers
  2 mana vipers (shapeshifter)
  A shining eye (Zig:10)
  16 ironbrand convokers
  A lindwurm (shapeshifter) (Vaults:4)
  A lindwurm (Zig:3)
  Joseph (D:8)
  7 harpies
  2 hill giants (shapeshifter)
  5 naga ritualists (Snake:5)
  18 orc knights
  4 mana vipers
  5 griffons
  A very ugly thing zombie (Depths:5)
  5 wolf spiders
  3 iron dragon zombies (Geh:7)
  7 cyclopes
  5 frost giant zombies
  A salamander (shapeshifter) (Vaults:3)
  4 fire giant zombies
  A hell hog zombie (Hell)
  11 deep elf conjurers
  3 oklob plants (Zig:5)
  A stone giant zombie (Hell)
  3 red wasps
  A sphinx skeleton (Crypt:1)
  4 orc sorcerers
  A worldbinder (Abyss:1)
  2 wizards
  5 spectral elves
  3 shadow dragon skeletons
  14 phantasmal warriors
  5 sixfirhies
  5 fire giant skeletons
  42 salamanders
  3 frost giant skeletons
  9 molten gargoyles (Geh:7)
  20 black mambas
  A mermaid (shapeshifter) (Vaults:4)
  5 stone giant skeletons
  2 shock serpent zombies
  An iron dragon skeleton (Crypt:5)
  2 elephants (Lair:8)
  2 dire elephant zombies
  2 tormentors (Geh:7)
  A black mamba (shapeshifter) (Depths:4)
  13 naga magi
  4 smoke demons
  14 guardian serpents
  A dire elephant skeleton (Crypt:5)
  4 orange demons
  3 spectral humans (Crypt:5)
  A swamp worm zombie (Crypt:4)
  23 spiny frogs
  A queen ant (shapeshifter) (Vaults:2)
  3 tengu conjurers
  2 kobold demonologists (Vaults:1)
  18 vault sentinels
  A red draconian zombie (Crypt:3)
  A feature mimic (Lair:5)
  58 yaktaurs
  16 deep elf priests
  An elf (shapeshifter) (Vaults:5)
  4 ancient zymes (Abyss:1)
  A yellow draconian skeleton (Crypt:4)
  2 efreet
  A guardian mummy (Crypt:2)
  A komodo dragon (shapeshifter) (Vaults:1)
  3 hydra zombies
  2 demonic crawlers (Elf:3)
  2 jumping spiders
  A fire drake (shapeshifter) (Vaults:2)
  10 red devils
  A white draconian skeleton (Crypt:4)
  2 yaktaurs (shapeshifter)
  2 harpy zombies
  15 freezing wraiths
  A minotaur zombie (Crypt:2)
  4 iron devils
  A silent spectre (Crypt:3)
  2 baby alligators (Swamp:5)
  A mana viper skeleton (Crypt:2)
  11 trolls
  10 giant fireflies
  2 polar bears
  3 blue devils
  30 two-headed ogres
  7 boggarts
  6 komodo dragons
  A wind drake (Zig:6)
  2 catoblepas zombies (Hell)
  A boggart (shapeshifter) (Vaults:1)
  A jumping spider (shapeshifter) (Depths:3)
  5 boulder beetles
  5 fire drakes
  A raiju (shapeshifter) (Vaults:5)
  6 giant leeches
  10 bog bodies
  A frost giant simulacrum (Crypt:4)
  15 ravens
  3 hydra skeletons
  26 blink frogs
  A fire giant simulacrum (Hell)
  67 slime creatures
  An alligator zombie (Crypt:1)
  8 basilisks
  A trapdoor spider zombie (Crypt:4)
  19 brown oozes
  2 ettin zombies
  A hog (shapeshifter) (Vaults:5)
  A baby alligator (shapeshifter) (Vaults:5)
  3 raiju (Abyss:1)
  42 flying skulls
  A trapdoor spider (shapeshifter) (Depths:5)
  5 grizzly bears
  2 trapdoor spiders
  22 redbacks
  4 ettin skeletons
  14 shadows
  A yak (shapeshifter) (Elf:3)
  47 yaks
  A redback (shapeshifter) (Vaults:5)
  7 spriggans
  5 vampires
  A ynoxinul (Abyss:1)
  A griffon skeleton (D:13)
  29 deep elf magi
  2 neqoxecs
  2 tarantellas
  4 ice dragon skeletons
  A black mamba zombie (Geh:7)
  3 sharks
  24 wraiths
  A thorn lotus (Swamp:4)
  An elephant slug (Lair:8)
  15 fire elementals
  2 hogs (Swamp:3)
  63 ugly things
  6 air elementals
  6 fire bats
  3 water elementals (Depths:3)
  10 hippogriffs
  A steam dragon (D:13)
  A hippogriff (shapeshifter) (Vaults:2)
  An orc zombie (Elf:1)
  2 spatial vortices (Abyss:1)
  5 hungry ghosts
  33 deep elf fighters
  38 vampire mosquitoes
  A chaos spawn (Orc:4)
  9 wargs
  25 wolves
  30 water moccasins
  54 nagas
  41 hell hounds
  A putrid demonspawn zombie (Crypt:4)
  24 swamp worms
  A water nymph zombie (Crypt:1)
  Menkaure (D:4)
  An infernal demonspawn zombie (Crypt:4)
  A human zombie (Crypt:5)
  A torturous demonspawn zombie (Crypt:3)
  A soldier ant (D:12)
  2 sky beasts
  A monstrous demonspawn skeleton (Crypt:1)
  13 swamp drakes
  An orb spider zombie (Crypt:2)
  The ghost of Bloax the Ruffian, an average VSTm of Cheibriados (D:4)
  5 necrophages
  14 small abominations
  40 orc warriors
  A torturous demonspawn skeleton (Crypt:1)
  6 phantoms
  5 black bears
  A faun skeleton (Crypt:2)
  5 giant goldfish
  A deep troll skeleton (Vaults:3)
  3 mottled dragons
  2 tengu skeletons
  4 yellow wasps
  4 porcupines
  An elf zombie (Elf:1)
  6 ice beasts
  28 centaurs
  8 human skeletons
  61 ogres
  A boring beetle (Lair:7)
  13 crocodiles
  A giant frog (shapeshifter) (Depths:3)
  A giant slug (shapeshifter) (Vaults:2)
  A brain worm (Abyss:1)
  A yaktaur zombie (Vaults:1)
  8 giant slugs
  A lava worm (Orc:1)
  4 big kobolds
  5 hell hound zombies
  A tengu simulacrum (D:15)
  A spiny frog simulacrum (Hell)
  13 giant frogs
  A cyclops zombie (Crypt:2)
  A yaktaur skeleton (Crypt:4)
  A komodo dragon skeleton (D:13)
  A spider zombie (Crypt:3)
  A wyvern skeleton (Crypt:3)
  4 insubstantial wisps
  4 scorpions
  3 eyes of draining
  4 cyclops skeletons
  A polar bear zombie (Crypt:2)
  15 wights
  A boulder beetle zombie (Crypt:2)
  A troll skeleton (D:11)
  3 elf skeletons
  14 crimson imps
  4 quasits
  6 electric eels
  A hound (shapeshifter) (Depths:5)
  47 orc priests
  A pulsating lump (shapeshifter) (Depths:4)
  3 big fish (D:8)
  2 human simulacra
  3 goliath beetles
  19 hounds
  A giant frog skeleton (D:8)
  9 jellies
  15 worker ants
  5 iguanas
  3 iron imps
  A basilisk skeleton (D:14)
  5 orange rats
  30 orc wizards
  A lightning spire (Zig:8)
  An ogre skeleton (D:7)
  31 sheep
  A tengu zombie (Crypt:2)
  A crocodile skeleton (Crypt:3)
  A hound zombie (D:11)
  12 mummies (Crypt:2)
  A worker ant zombie (D:7)
  A gnoll (D:1)
  39 green rats
  5 shadow imps
  24 adders
  4 giant mites
  A goliath beetle zombie (D:10)
  A white imp (Depths:3)
  5 ufetubi
  3 worms
  A halfling zombie (Crypt:3)
  2 adder zombies
  6 giant eyeballs
  6 giant geckos
  5 oozes
  253 orcs
  4 ball pythons
  6 giant cockroaches
  22 goblins
  17 hobgoblins
  8 quokkas
  17 bats
  A giant gecko skeleton (D:5)
  5 giant newts
  A giant newt zombie (Crypt:2)
  3 giant spores
  27 jackals
  31 kobolds
  A kobold skeleton (Hell)
  31 rats
  8 ballistomycetes
  4 briar patches (Swamp:5)
  3 butterflies (Depths:4)
  5 crawling corpses
  9 fungi
  A macabre mass (Vaults:5)
  11 plants
  A starspawn tentacle (Abyss:1)
3473 creatures vanquished.

Vanquished Creatures (collateral kills)
  2 tentacled monstrosities
  A titan (Vaults:5)
  A quicksilver dragon (shapeshifter) (Zig:7)
  A thorn hunter (Swamp:5)
  A greater naga (Snake:5)
  A fire giant (Vaults:4)
  A reaper (Zig:5)
  A dire elephant (Lair:8)
  A mottled draconian (Vaults:4)
  2 vault guards
  13 hydras
  A thrashing horror (Zig:5)
  A naga sharpshooter (Snake:5)
  2 very ugly things (Zig:7)
  A spriggan druid (Swamp:5)
  2 deep trolls
  A swamp dragon (Swamp:5)
  2 ironbrand convokers (Vaults:4)
  A giant orange brain (Vaults:2)
  An orc knight (Vaults:3)
  An oklob plant (Zig:5)
  Maurice (D:8)
  2 apocalypse crabs (Zig:7)
  A vault sentinel (Vaults:3)
  A guardian serpent (Snake:5)
  A vapour (Swamp:3)
  4 yaktaurs
  2 slime creatures (Swamp:5)
  A raven (Swamp:5)
  A thorn lotus (Swamp:5)
  A swamp worm (Swamp:1)
  A naga (Snake:3)
  A warg (Snake:3)
  4 swamp drakes (Swamp:5)
  A porcupine (Lair:5)
  An ogre (Vaults:2)
  2 giant goldfish
  2 orc warriors
  A centaur (D:8)
  A big kobold (D:13)
  2 insubstantial wisps (Swamp:1)
  A jelly (D:13)
  An orc priest (Snake:3)
  An orc wizard (D:13)
  2 green rats (Lair:5)
74 creatures vanquished.

Vanquished Creatures (others)
  A fire giant (Geh:7)
  21 vault guards (Vaults:5)
  An iron troll (Vaults:3)
  4 deep trolls
  A deep elf knight (Vaults:5)
  A hill giant (D:13)
  A salamander mystic (Snake:5)
  A black mamba (Snake:5)
  A molten gargoyle (Geh:7)
  A yaktaur (Depths:1)
  A deep elf priest (Elf:1)
  An ancient zyme (Zig:5)
  6 trolls
  A deep elf mage (Elf:1)
  A shadow (Geh:7)
  A vampire (Geh:7)
  3 humans (Swamp:3)
  An orc warrior (Vaults:5)
  5 ogres
  A big kobold (Vaults:1)
  9 lost souls
  An orc priest (Vaults:5)
  An orc wizard (D:14)
  A giant eyeball (Depths:3)
  2 giant spores
  A kobold (Vaults:1)
  A lurking horror (Zig:5)
  A ballistomycete (D:10)
  2 fungi
  5 plants
  A starspawn tentacle (Abyss:1)
  2 starspawn tentacle segments (Abyss:1)
81 creatures vanquished.

Grand Total: 3628 creatures vanquished

Notes
Turn   | Place    | Note
--------------------------------------------------------------
     0 | D:1      | HungrySpirit, the Minotaur Berserker, began the quest for the Orb.
     0 | D:1      | Reached XP level 1. HP: 19/19 MP: 1/1
    59 | D:1      | Reached skill level 4 in Axes
   270 | D:1      | Reached XP level 2. HP: 23/26 MP: 1/1
   412 | D:1      | Reached skill level 5 in Axes
   418 | D:1      | Acquired Trog's second power
   520 | D:1      | Reached XP level 3. HP: 29/31 MP: 2/2
  1083 | D:2      | Found an ancient bone altar of Kikubaaqudgha.
  1083 | D:2      | Found a basalt altar of Yredelemnul.
  1247 | D:2      | Reached XP level 4. HP: 39/39 MP: 2/2
  1546 | D:3      | Reached skill level 6 in Axes
  2205 | D:4      | Noticed Bloax's ghost (average VSTm)
  2224 | D:4      | Killed Bloax's ghost
  2224 | D:4      | Reached skill level 7 in Axes
  2224 | D:4      | Reached XP level 5. HP: 17/45 MP: 2/2
  2614 | D:4      | Noticed Menkaure
  2624 | D:4      | Killed Menkaure
  2624 | D:4      | Reached XP level 6. HP: 39/51 MP: 3/3
  2889 | D:4      | Noticed a phantom
  2906 | D:4      | Killed a phantom
  2906 | D:4      | Reached skill level 8 in Axes
  2970 | D:4      | Noticed an ogre
  2975 | D:4      | Killed an ogre
  2975 | D:4      | Reached skill level 5 in Armour
  2975 | D:4      | Reached XP level 7. HP: 57/57 MP: 3/3
  3061 | D:4      | Acquired Trog's third power
  3161 | D:5      | Entered Level 5 of the Dungeon
  3218 | D:5      | Found a staircase to the Ecumenical Temple.
  3268 | D:5      | Reached skill level 9 in Axes
  3297 | Temple   | Entered the Ecumenical Temple
  3953 | D:5      | Found a burning altar of Makhleb.
  4217 | D:6      | Reached skill level 10 in Axes
  4294 | D:6      | Reached XP level 8. HP: 50/66 MP: 3/3
  4700 | D:7      | Reached skill level 5 in Fighting
  4751 | D:7      | Reached skill level 11 in Axes
  5065 | D:7      | Reached skill level 12 in Axes
  5065 | D:7      | Reached XP level 9. HP: 31/78 MP: 4/4
  5465 | D:7      | Found Ohaghag's Antique Weapon Boutique.
  5474 | D:7      | Reached skill level 1 in Shields
  5580 | D:7      | Bought a glowing war axe for 87 gold pieces
  6016 | D:8      | Noticed Joseph
  6025 | D:8      | Killed Joseph
  6025 | D:8      | Reached skill level 13 in Axes
  6036 | D:8      | Noticed Pikel
  6882 | D:8      | Found a blossoming altar of Fedhas.
  6895 | D:8      | Noticed Maurice
  6900 | D:8      | Killed Maurice
  6900 | D:8      | Reached XP level 10. HP: 60/90 MP: 4/4
  6908 | D:8      | Reached skill level 14 in Axes
  7317 | D:8      | Upgraded the game from 0.14.0-7-g2801ba0 to 0.14.0-9-g9c5475a
  7659 | D:9      | Noticed a hill giant
  7667 | D:9      | Killed a hill giant
  7938 | D:9      | Received a gift from Trog
  8281 | D:9      | Found Etesipt's Antique Weapon Boutique.
  8418 | D:9      | Found Kloepe Team's Antique Weapon Emporium.
  8456 | D:9      | Found Lipn's Book Emporium.
  8492 | D:9      | Found a bloodstained altar of Trog.
  8492 | D:9      | Found an iron altar of Okawaru.
  8669 | D:10     | Entered Level 10 of the Dungeon
  8685 | D:10     | Reached skill level 15 in Axes
  8756 | D:10     | Noticed a centaur warrior
  8763 | D:10     | Killed a centaur warrior
  8763 | D:10     | Reached skill level 10 in Fighting
  8941 | D:10     | Noticed Harold
  8950 | D:10     | Killed Harold
  9450 | D:11     | Reached XP level 11. HP: 73/101 MP: 4/4
 10081 | D:11     | Noticed Erolcha
 10091 | D:11     | Killed Erolcha
 10212 | D:11     | Noticed a hill giant
 10225 | D:11     | Killed a hill giant
 10225 | D:11     | Reached skill level 16 in Axes
 10321 | D:11     | Found a staircase to the Lair.
 10371 | Lair:1   | Entered Level 1 of the Lair of Beasts
 12127 | Lair:2   | Received a gift from Trog
 12151 | Lair:2   | Reached skill level 17 in Axes
 12441 | Lair:2   | Found a frozen archway.
 12450 | IceCv    | Entered an ice cave
 13224 | Lair:2   | Reached XP level 12. HP: 93/111 MP: 5/5
 13791 | Lair:2   | Received a gift from Trog
 14123 | Lair:2   | Noticed an eight-headed hydra
 14128 | Lair:2   | Killed a nine-headed hydra
 14244 | Lair:3   | Found a bloodstained altar of Trog.
 15529 | Lair:4   | Reached skill level 10 in Armour
 15538 | Lair:4   | Reached skill level 18 in Axes
 15583 | Lair:4   | Received a gift from Trog
 15867 | Lair:5   | Noticed a five-headed hydra
 15875 | Lair:5   | Killed a five-headed hydra
 16020 | Lair:5   | Noticed Nergalle
 16030 | Lair:5   | Killed Nergalle
 16834 | Lair:5   | Found a staircase to the Swamp.
 17003 | Lair:5   | Reached skill level 19 in Axes
 17117 | Lair:6   | Found a staircase to the Snake Pit.
 17266 | Lair:6   | Reached XP level 13. HP: 122/122 MP: 1/5
 17342 | Lair:6   | Received a gift from Trog
 18547 | Lair:7   | Received a gift from Trog
 18574 | Lair:7   | Noticed an azure jelly
 18582 | Lair:7   | Reached skill level 20 in Axes
 18583 | Lair:7   | Found a staircase to the Slime Pits.
 18583 | Lair:7   | Noticed an azure jelly
 18830 | Lair:8   | Entered Level 8 of the Lair of Beasts
 19339 | Lair:8   | Got a steaming bronze amulet
 20043 | Lair:8   | Received a gift from Trog
 20044 | Lair:8   | Noticed a dire elephant
 20049 | Lair:8   | Killed a dire elephant
 20205 | Lair:8   | Reached skill level 21 in Axes
 20879 | D:12     | Paralysed by a giant eyeball for 2 turns
 20886 | D:12     | Paralysed by a giant eyeball for 3 turns
 20973 | D:12     | Reached XP level 14. HP: 64/133 MP: 1/5
 21158 | D:12     | Found a shadowy altar of Dithmenos.
 21386 | D:12     | Received a gift from Trog
 21409 | D:12     | Got a slimy battleaxe {god gift}
 21410 | D:12     | Identified the +4,+6 battleaxe "Fofan" {antimagic, Contam rElec} (Trog gifted it to you on level 12 of the Dungeon)
 21577 | D:12     | Found a staircase to the Orcish Mines.
 21636 | Orc:1    | Entered Level 1 of the Orcish Mines
 22247 | Orc:3    | Found a staircase to the Elven Halls.
 22367 | Orc:3    | Noticed Gastronok
 22384 | Orc:3    | Killed Gastronok
 22515 | Orc:3    | Received a gift from Trog
 22707 | Orc:3    | Noticed Urug
 22716 | Orc:3    | Killed Urug
 23340 | Orc:1    | Received a gift from Trog
 23807 | Orc:4    | Entered Level 4 of the Orcish Mines
 23807 | Orc:4    | Found Nuteky's Distillery.
 23811 | Orc:4    | Bought a potion of heal wounds for 45 gold pieces
 23829 | Orc:4    | Found a roughly hewn altar of Beogh.
 23946 | Orc:4    | Found Luarch's Antique Armour Boutique.
 24402 | Orc:4    | Reached skill level 22 in Axes
 24611 | Orc:4    | Found a roughly hewn altar of Beogh.
 24833 | Orc:4    | Found Asoimez's Distillery.
 24833 | Orc:4    | Found Waporeyp's Weapon Shoppe.
 24838 | Orc:4    | Bought a potion of mutation for 40 gold pieces
 24838 | Orc:4    | Bought a potion of lignification for 32 gold pieces
 25160 | Orc:4    | Found Jead's Antique Weapon Boutique.
 25160 | Orc:4    | Found Sisodod's Food Shoppe.
 25164 | Orc:4    | Received a gift from Trog
 25359 | Orc:4    | Bought a glowing plate armour for 552 gold pieces
 26295 | D:13     | Reached skill level 23 in Axes
 26325 | D:13     | Received a gift from Trog
 26571 | D:13     | Found a gate to the Vaults.
 27057 | D:14     | Noticed Azrael
 27076 | D:14     | Killed Azrael
 27685 | D:15     | Entered Level 15 of the Dungeon
 27696 | D:15     | Reached XP level 15. HP: 135/139 MP: 2/6
 27922 | D:15     | Found a staircase to the Depths.
 27939 | D:15     | Reached skill level 24 in Axes
 28081 | D:15     | Found a glowing golden altar of the Shining One.
 28677 | Swamp:1  | Entered Level 1 of the Swamp
 28916 | Swamp:1  | Noticed Asterion
 28940 | Swamp:1  | Killed Asterion
 29492 | Swamp:1  | Reached skill level 15 in Fighting
 30388 | Swamp:2  | Received a gift from Trog
 30781 | Swamp:3  | Noticed Kirke
 30793 | Swamp:3  | Killed Kirke
 31189 | Swamp:3  | Reached skill level 25 in Axes
 32268 | Swamp:4  | Received a gift from Trog
 32413 | Swamp:4  | Identified a scroll of acquirement
 32416 | Swamp:4  | Got a pair of slimy boots
 32417 | Swamp:4  | Identified the +0 pair of boots of Trial and Error {Dex+5} (You acquired it on level 4 of the Swamp)
 33477 | Swamp:4  | Reached XP level 16. HP: 134/151 MP: 2/6
 33776 | Swamp:5  | Entered Level 5 of the Swamp
 35336 | Swamp:5  | Received a gift from Trog
 35540 | Swamp:5  | Reached skill level 26 in Axes
 35609 | Swamp:5  | Got a decaying rune of Zot
 36168 | Vaults:1 | Entered Level 1 of the Vaults
 36639 | Vaults:1 | Received a gift from Trog
 37445 | Vaults:1 | Reached XP level 17. HP: 108/168 MP: 2/6
 37552 | Vaults:1 | Cast into the Abyss (deep elf sorcerer)
 37663 | Vaults:1 | Escaped the Abyss
 37980 | Vaults:1 | Got a slimy ivory ring
 39872 | Vaults:2 | Found Wauwauf's Armour Emporium.
 39879 | Vaults:2 | Wauwauf's Armour Emporium was a mimic.
 40617 | Vaults:2 | Received a gift from Trog
 41772 | Vaults:2 | Reached XP level 18. HP: 119/182 MP: 2/7
 42328 | Vaults:3 | Noticed a lich
 42350 | Vaults:3 | Killed a lich
 42617 | Vaults:3 | Received a gift from Trog
 42650 | Vaults:3 | Found a staircase to the Hall of Blades.
 42659 | Blade    | Entered the Hall of Blades
 42734 | Vaults:3 | Paralysed by an ogre mage for 3 turns
 43088 | Vaults:3 | Received a gift from Trog
 43578 | Vaults:3 | Found a staircase to the Crypt.
 43859 | Vaults:3 | Reached skill level 15 in Armour
 44446 | Vaults:4 | Noticed Donald
 44461 | Vaults:4 | Killed Donald
 44494 | Vaults:4 | Found Muntakhlo's Armour Shop.
 44514 | Vaults:4 | Bought a +0 buckler of poison resistance for 204 gold pieces
 44573 | Vaults:4 | Paralysed by an ogre mage for 7 turns
 44581 | Vaults:4 | Received a gift from Trog
 45146 | Vaults:4 | Reached XP level 19. HP: 159/193 MP: 2/7
 45887 | Vaults:4 | Received a gift from Trog
 46382 | Vaults:4 | Identified the ring "Smuc" {Ice +Rage Stlth--} (You took it off a deep elf fighter on level 1 of the Vaults)
 46454 | Vaults:4 | Noticed a golden dragon
 46815 | Vaults:4 | Got a heavily runed bronze ring
 47525 | Vaults:4 | Identified the ring "Guez" {rF++ MP+9} (You took it off a deep elf high priest on level 4 of the Vaults)
 48302 | Snake:1  | Entered Level 1 of the Snake Pit
 48823 | Snake:1  | Received a gift from Trog
 49321 | Snake:2  | Noticed Aizul
 49340 | Snake:2  | Killed Aizul
 49414 | Snake:2  | Gained mutation: You tend to lose your temper in combat. [potion of mutation]
 49414 | Snake:2  | Gained mutation: Armour fits poorly on your strangely shaped body. [potion of mutation]
 49414 | Snake:2  | Gained mutation: You are partially covered in large bone plates (AC +2, SH +2). [potion of mutation]
 49415 | Snake:2  | Lost mutation: Armour fits poorly on your strangely shaped body. [potion of cure mutation]
 49415 | Snake:2  | Lost mutation: You tend to lose your temper in combat. [potion of cure mutation]
 49415 | Snake:2  | Lost mutation: You are partially covered in large bone plates (AC +2, SH +2). [potion of cure mutation]
 49700 | Snake:3  | Noticed Saint Roka
 49700 | Snake:3  | Noticed Snorg
 49792 | Snake:3  | Killed Saint Roka
 49821 | Snake:3  | Got a pair of slimy boots
 50114 | Snake:3  | Killed Snorg
 50357 | Snake:3  | Reached skill level 5 in Shields
 50438 | Snake:4  | Received a gift from Trog
 50684 | Snake:4  | Reached XP level 20. HP: 206/206 MP: 7/7
 50809 | Snake:4  | Found Sicur's Gadget Shoppe.
 51054 | Snake:5  | Entered Level 5 of the Snake Pit
 51243 | Snake:5  | Identified the +2 pair of boots "Tuecsiem" {+Blink rF+ MR+ SInv} (You found it on level 3 of the Snake Pit)
 51389 | Snake:5  | Received a gift from Trog
 52199 | Snake:5  | Received a gift from Trog
 53144 | Snake:5  | Got a serpentine rune of Zot
 53846 | Elf:1    | Entered Level 1 of the Elven Halls
 53919 | Elf:1    | Noticed Josephine
 53930 | Elf:1    | Killed Josephine
 54027 | Elf:1    | Received a gift from Trog
 54030 | Elf:1    | Got a crystal war axe {god gift}
 54031 | Elf:1    | Identified the +8,+2 war axe of Trog {flame, Hunger +Rage +Inv rPois Str+3 SInv Stlth+} (Trog gifted it to you on level 1 of the Elven Halls)
 54369 | Elf:1    | Noticed Nessos
 54382 | Elf:1    | Killed Nessos
 54439 | Elf:1    | Noticed Rupert
 54442 | Elf:1    | Paralysed by Rupert for 2 turns
 54453 | Elf:1    | Killed Rupert
 54736 | Elf:1    | Noticed Nikola
 54754 | Elf:1    | Killed Nikola
 54897 | Elf:2    | Noticed Frances
 54905 | Elf:2    | Received a gift from Trog
 54919 | Elf:2    | Killed Frances
 55234 | Elf:2    | Found Clovvunuor's Weapon Shop.
 55464 | Elf:3    | Entered Level 3 of the Elven Halls
 55507 | Elf:3    | Noticed Mara
 55512 | Elf:3    | Noticed HungrySpirit's illusion
 55530 | Elf:3    | Killed Mara
 56327 | Elf:3    | Reached XP level 21. HP: 178/217 MP: 5/8
 56891 | Elf:3    | Received a gift from Trog
 57686 | Elf:3    | Got a sparkling amber ring
 57836 | Elf:3    | Received a gift from Trog
 57851 | Elf:3    | Identified the ring "Urie" {rPois rF+ rN+ Str+1} (You took it off an orc sorcerer on level 3 of the Elven Halls)
 58275 | Depths:1 | Entered Level 1 of the Depths
 58324 | Depths:1 | Found Marach's Weapon Boutique.
 58714 | Depths:1 | Found Bixutaich's Antique Armour Boutique.
 58726 | Depths:1 | Bought a glowing cloak for 117 gold pieces
 58730 | Depths:1 | Identified a +0 cloak of preservation (You bought it in a shop on level 1 of the Depths)
 58733 | Depths:1 | Found Vufeps' Weapon Boutique.
 59635 | Depths:1 | Received a gift from Trog
 59831 | Depths:1 | Found a gateway to Hell.
 60811 | Depths:2 | Found Prij's Antique Armour Boutique.
 60837 | Depths:2 | Bought a pair of glowing boots for 126 gold pieces
 60838 | Depths:2 | Identified a +0 pair of boots of running (You bought it in a shop on level 2 of the Depths)
 60878 | Depths:2 | Received a gift from Trog
 61410 | Depths:2 | Paralysed by a giant eyeball for 2 turns
 61416 | Depths:2 | Reached XP level 22. HP: 215/231 MP: 5/8
 61418 | Depths:2 | Paralysed by a giant eyeball for 4 turns
 61426 | Depths:2 | Paralysed by a giant eyeball for 3 turns
 62003 | Depths:3 | Received a gift from Trog
 62339 | Depths:3 | Found a one-way gate to the infinite horrors of the Abyss.
 62451 | Depths:3 | Cast into the Abyss (wizard)
 62458 | Abyss:1  | Reached skill level 27 in Fighting
 62934 | Abyss:1  | Found a shadowy altar of Dithmenos.
 63092 | Depths:3 | Escaped the Abyss
 63158 | Depths:3 | Received a gift from Trog
 63163 | Depths:3 | Paralysed by a giant eyeball for 4 turns
 63172 | Depths:3 | Paralysed by a giant eyeball for 3 turns
 63633 | Depths:3 | Found a one-way gate leading to the halls of Pandemonium.
 63968 | Depths:3 | Received a gift from Trog
 64110 | Depths:3 | Paralysed by a giant eyeball for 3 turns
 65080 | Vaults:5 | Entered Level 5 of the Vaults
 65522 | Lair:7   | Killed an azure jelly
 65526 | Lair:7   | Killed an azure jelly
 65632 | Slime:1  | Entered Level 1 of the Pits of Slime
 65755 | Slime:4  | Gained mutation: You tend to lose your temper in combat. [a shining eye]
 65784 | Lair:7   | Received a gift from Trog
 66300 | Vaults:5 | Reached XP level 23. HP: 210/240 MP: 5/8
 67096 | Vaults:5 | Received a gift from Trog
 67212 | Vaults:5 | Got a silver rune of Zot
 67558 | Vaults:5 | Noticed Aelig's ghost (mighty DsFi)
 67571 | Vaults:5 | Killed Aelig's ghost
 67724 | Vaults:5 | Received a gift from Trog
 67852 | Vaults:5 | Got a vibrating amber ring
 68189 | Vaults:5 | Got a pair of transparent gloves
 68192 | Vaults:5 | Identified the +0 pair of gloves of the Archfiend {Dex+2} (You found it on level 5 of the Vaults)
 68192 | Vaults:5 | Identified the cursed ring of Ykibiuho {rF+ rN+} (You took it off a yaktaur on level 5 of the Vaults)
 68294 | Vaults:5 | Reached skill level 27 in Armour
 69076 | Vaults:5 | Received a gift from Trog
 69335 | Vaults:5 | Reached skill level 5 in Dodging
 69802 | Depths:4 | Reached XP level 24. HP: 197/249 MP: 6/9
 70271 | Depths:4 | Received a gift from Trog
 70498 | Depths:4 | Found a basalt altar of Yredelemnul.
 70499 | Depths:4 | Found a glowing silver altar of Zin.
 70499 | Depths:4 | Found a glowing silver altar of Zin.
 70971 | Depths:4 | Reached skill level 27 in Axes
 71190 | Depths:4 | Received a gift from Trog
 71190 | Depths:4 | Reached skill level 10 in Dodging
 71677 | Depths:4 | Got a pitted amber ring
 72093 | Depths:4 | Received a gift from Trog
 72327 | Depths:5 | Entered Level 5 of the Depths
 72377 | Depths:5 | Reached XP level 25. HP: 242/257 MP: 6/9
 72382 | Depths:5 | Reached skill level 15 in Dodging
 72391 | Depths:5 | Paralysed by a giant eyeball for 4 turns
 72405 | Depths:5 | Identified the ring of Internal Strife {Fire Str+2 Dex+2 Acc+5} (You found it on level 4 of the Depths)
 72418 | Depths:5 | Found a gateway to a ziggurat.
 72479 | Zig:1    | Entered Level 1 of a ziggurat
 72490 | Zig:2    | Entered Level 2 of a ziggurat
 72626 | Zig:3    | Entered Level 3 of a ziggurat
 72652 | Zig:4    | Entered Level 4 of a ziggurat
 72680 | Zig:5    | Entered Level 5 of a ziggurat
 73123 | Zig:6    | Entered Level 6 of a ziggurat
 73190 | Zig:6    | Gained mutation: Your digestive system is specialised to digest meat. [potion of mutation]
 73190 | Zig:6    | Gained mutation: Your vision is a little blurry. [potion of mutation]
 73190 | Zig:6    | Gained mutation: You are clumsy. (Dex -2) [potion of mutation]
 73191 | Zig:6    | Lost mutation: You tend to lose your temper in combat. [potion of cure mutation]
 73191 | Zig:6    | Lost mutation: Your vision is a little blurry. [potion of cure mutation]
 73191 | Zig:6    | Lost mutation: Your digestive system is specialised to digest meat. [potion of cure mutation]
 73258 | Zig:7    | Entered Level 7 of a ziggurat
 73715 | Zig:8    | Entered Level 8 of a ziggurat
 73722 | Zig:8    | Received a gift from Trog
 73932 | Zig:9    | Entered Level 9 of a ziggurat
 73993 | Zig:9    | Reached XP level 26. HP: 220/266 MP: 6/9
 73994 | Zig:9    | Reached XP level 27. HP: 226/273 MP: 4/25
 74084 | Zig:10   | Entered Level 10 of a ziggurat
 74116 | Zig:10   | Paralysed by a giant eyeball for 3 turns
 74302 | Depths:5 | Received a gift from Trog
 74719 | Depths:5 | Found a gate to the Realm of Zot.
 75154 | D:15     | Fell from the grace of Trog
 75154 | D:15     | Became a worshipper of the Shining One
 75366 | Crypt:1  | Entered Level 1 of the Crypt
 75826 | Crypt:1  | Acquired the Shining One's first power
 76485 | Crypt:2  | Found a staircase to the Tomb.
 76490 | Crypt:2  | Acquired the Shining One's second power
 77548 | Crypt:3  | Noticed Wiglaf
 77559 | Crypt:3  | Killed Wiglaf
 77741 | Crypt:4  | Noticed an ancient lich
 77749 | Crypt:4  | Killed an ancient lich
 77801 | Crypt:4  | Acquired the Shining One's third power
 78718 | Crypt:4  | Got a fine ivory amulet
 78719 | Crypt:4  | Identified the amulet "Qiussepp" {Spirit rF- rC+ rN+} (You acquired it on level 4 of the Crypt)
 79052 | Crypt:5  | Entered Level 5 of the Crypt
 79116 | Crypt:5  | Acquired the Shining One's fourth power
 79360 | Crypt:5  | Noticed Margery
 79393 | Crypt:5  | Killed Margery
 79576 | Crypt:5  | Noticed an ancient lich
 79580 | Crypt:5  | Found a basalt altar of Yredelemnul.
 79592 | Crypt:5  | Killed an ancient lich
 79741 | Crypt:5  | Identified Borgnjor's Grimoire of the Wheelwright
 80516 | Hell     | Entered the Vestibule of Hell
 80516 | Hell     | Noticed Geryon
 80519 | Hell     | Noticed Murray
 80532 | Hell     | Killed Geryon
 80552 | Hell     | Killed Murray
 80604 | Hell     | Was placed under penance by the Shining One
 80640 | Hell     | Was forgiven by the Shining One
 80972 | D:15     | Identified a +4,+8 executioner's axe of holy wrath (a +4,+8 anti-magic executioner's axe blessed by the Shining One)
 81077 | Hell     | Found a gateway to the ashen valley of Gehenna.
 81079 | Hell     | Gained mutation: You digest meat inefficiently. [a cacodemon]
 81093 | Geh:1    | Entered Level 1 of Gehenna
 81821 | Geh:7    | Entered Level 7 of Gehenna
 82350 | Geh:7    | Got a brightly glowing turquoise ring
 82351 | Geh:7    | Identified the ring "Pebbur" {+/*Tele Str+2} (You found it on level 7 of Gehenna)
 83277 | Geh:2    | Reached skill level 1 in Invocations
 83411 | Geh:4    | Reached skill level 5 in Invocations
 83686 | Geh:7    | HP: 7/273 [stone giant[the rage of Trog] (26)]
 83710 | Geh:7    | HP: 6/273 [stone giant[the rage of Trog] (27)]
 83714 | Geh:7    | Annihilated by a stone giant

Action                   |  1- 3 |  4- 6 |  7- 9 | 10-12 | 13-15 | 16-18 | 19-21 | 22-24 | 25-27 || total
-------------------------+-------+-------+-------+-------+-------+-------+-------+-------+-------++-------
Melee: Hand axe          |    77 |   104 |   281 |       |       |       |       |       |       ||   462
       War axe           |       |       |    80 |   599 |       |       |       |       |       ||   679
       Broad axe         |       |       |       |   175 |   188 |       |   555 |       |       ||   918
       Executioner's axe |       |       |       |       |   196 |  1152 |   913 |  1217 |  1552 ||  5030
       Battleaxe         |       |       |       |       |  1033 |   155 |       |       |       ||  1188
       Unarmed           |       |       |       |       |       |       |       |       |    14 ||    14
Invok: Berserk           |       |     3 |     6 |    13 |    17 |     8 |     4 |       |       ||    51
       Burn Spellbooks   |       |     1 |     3 |     3 |     4 |       |     3 |     5 |     4 ||    23
       Trog's Hand       |       |       |     2 |     6 |    15 |    14 |     6 |    10 |     2 ||    55
       Brothers in Arms  |       |       |     1 |     2 |     6 |    10 |     7 |     2 |     3 ||    31
       Divine Shield     |       |       |       |       |       |       |       |       |     2 ||     2
       Cleansing Flame   |       |       |       |       |       |       |       |       |     1 ||     1
       Summon Divine War |       |       |       |       |       |       |       |       |     1 ||     1
 Abil: Evoke Flight      |       |       |       |       |       |       |       |       |     1 ||     1
Evoke: Wand              |       |       |     4 |     9 |    11 |     8 |     2 |       |     2 ||    36
       Horn of Geryon    |       |       |       |       |       |       |       |       |     1 ||     1
  Use: Scroll            |       |       |    14 |    11 |    21 |     8 |    26 |    15 |    21 ||   116
       Potion            |       |       |       |       |     3 |     7 |     7 |       |    12 ||    29
 Stab: Paralysed         |       |       |       |     1 |       |       |       |       |       ||     1
       Confused          |       |       |       |       |     1 |       |     1 |       |       ||     2
       Distracted        |       |       |       |       |       |     2 |     1 |     3 |       ||     6
       Held in net/web   |       |       |       |       |       |       |       |       |     1 ||     1
